Map: Multiprocessor LE

Players

Maschbauer

  • Race: Protoss Protoss
  • League: Bronze
  • Spawn Location: 3:00

MooEsqoo

  • Race: Protoss Protoss
  • Spawn Location: 5:00

amir

  • Race: Terran Terran
  • Spawn Location: 5:00

zzz

  • Race: Terran Terran
  • Spawn Location: 6:00

TheBenjamin

  • Race: Terran Terran
  • Spawn Location: 9:00

Endail

  • Race: Protoss Protoss
  • Spawn Location: 11:00

BoOnS

  • Race: Protoss Protoss
  • Spawn Location: 9:00

Ser

  • Race: Protoss Protoss
  • Spawn Location: 12:00

VOD

Have the link to the VOD?

Description

Time

  • Played on: Dec. 15, 2019, 2:55 a.m.
  • Length: 18:32
Show
View Real Time Build Order
Export as new Build Order

Maschbauer Protoss 

Build Orders: Nexus First, Carriers 

Get SALT Encoding   

  12  0:03  Probe (Chrono Boost)  
  13  0:13  Probe (Chrono Boost)  
  14  0:18  Probe (Chrono Boost)  
  15  0:24  Pylon  
  15  0:31  Assimilator  
  15  1:01  Nexus  
  15  1:02  Probe (Chrono Boost)  
  16  1:15  Probe (Chrono Boost)  
  17  1:19  Pylon  
  17  1:24  Pylon  
  17  1:28  Assimilator  
  17  1:30  Probe  
  18  1:42  Probe  
  19  1:55  Probe  
  19  1:58  Assimilator x2  
  19  2:00  Gateway  
  20  2:07  Probe  
  21  2:19  Probe (Chrono Boost)  
  24  2:30  Probe (Chrono Boost)  
  24  2:32  Probe (Chrono Boost)  
  25  2:39  Probe (Chrono Boost)  
  25  2:40  Probe (Chrono Boost)  
  26  2:45  Probe (Chrono Boost)  
  26  2:47  Probe (Chrono Boost)  
  26  2:51  Cybernetics Core  
  28  2:57  Pylon  
  28  2:58  Probe  
  29  3:07  Pylon  
  29  3:10  Probe  
  30  3:15  Zealot (Chrono Boost)  
  32  3:22  Probe  
  33  3:33  Zealot (Chrono Boost), Stargate  
  33  3:34  Stargate  
  35  3:43  Forge  
  35  3:58  Probe (Chrono Boost)  
  36  4:08  Probe (Chrono Boost)  
  37  4:13  Probe (Chrono Boost)  
  37  4:14  Void Ray (Chrono Boost)  
  38  4:20  Void Ray (Chrono Boost)  
  42  4:24  Probe  
  43  4:36  Probe  
  44  4:39  Fleet Beacon  
  44  4:48  Probe  
  45  4:57  Protoss Shields Level 1  
  45  5:00  Probe  
  45  5:06  Protoss Air Weapons Level 1 (Chrono Boost)  
  46  5:12  Probe  
  47  5:34  Carrier x2 (Chrono Boost)  
  51  5:50  Stargate  
  51  5:54  Pylon  
  51  5:59  Pylon  
  51  6:25  Pylon  
  51  6:27  Pylon  
  51  6:34  Carrier  
  51  6:35  Twilight Council  
  51  6:36  Carrier  
  63  6:45  Carrier  
  69  7:05  Protoss Air Armor Level 1 (Chrono Boost)  
  69  7:16  Protoss Shields Level 2 (Chrono Boost)  
  69  7:39  Carrier  
  75  7:50  Carrier  
  81  8:31  Carrier  
  87  8:52  Carrier  
  93  9:12  Pylon  
  93  9:14  Pylon  
  93  9:17  Pylon  
  93  9:20  Pylon  
  54  10:01  Carrier x2  
  54  10:02  Carrier  
  72  10:14  Protoss Air Weapons Level 2 (Chrono Boost)  
  72  10:30  Protoss Shields Level 3 (Chrono Boost)  
  49  11:52  Assimilator  
  49  12:00  Carrier x2  
  61  12:01  Pylon  
  61  12:18  Carrier  
  61  12:22  Probe (Chrono Boost)  
  68  12:24  Protoss Air Armor Level 2 (Chrono Boost)  
  68  12:32  Probe (Chrono Boost)  
  68  12:37  Probe (Chrono Boost)  
  70  12:48  Probe  
  71  13:00  Probe  
  72  13:21  Carrier (Chrono Boost)  
  84  13:29  Carrier (Chrono Boost)  
  84  13:31  Probe  
  91  13:46  Carrier (Chrono Boost)  
  91  14:23  Carrier (Chrono Boost)  
  97  14:34  Pylon  
  97  14:48  Carrier  
  43  15:31  Carrier  
Show
View Real Time Build Order
Export as new Build Order

MooEsqoo Protoss 

Build Orders: 1 Gate Expand, Carriers 

Get SALT Encoding   

  12  0:01  Probe  
  13  0:14  Probe  
  14  0:22  Pylon  
  14  0:27  Probe  
  15  0:40  Probe  
  16  0:47  Gateway  
  16  0:52  Assimilator  
  16  0:53  Probe (Chrono Boost)  
  17  1:02  Probe (Chrono Boost)  
  18  1:07  Probe (Chrono Boost)  
  19  1:34  Nexus  
  19  1:39  Cybernetics Core  
  19  1:43  Pylon  
  19  1:48  Zealot (Chrono Boost)  
  21  2:29  Stalker (Chrono Boost)  
  21  2:57  Zealot (Chrono Boost)  
  23  3:07  Warp Gate  
  23  3:15  Probe x2  
  23  3:19  Stalker (Chrono Boost)  
  27  3:27  Probe  
  27  3:28  Probe  
  29  3:35  Shield Battery  
  29  3:38  Shield Battery  
  29  3:44  Shield Battery  
  29  3:47  Shield Battery  
  29  3:49  Stalker  
  29  3:52  Gateway  
  29  3:54  Gateway  
  29  4:28  Stalker (Chrono Boost)  
  31  4:40  Stalker (Chrono Boost)  
  31  4:41  Probe  
  31  4:42  Probe  
  37  4:46  Stalker (Chrono Boost)  
  37  4:53  Shield Battery  
  37  4:54  Probe x2  
  39  5:06  Probe x2  
  41  5:17  Stalker x2  
  45  5:42  Probe  
  46  5:49  Pylon  
  46  5:52  Pylon  
  46  5:55  Assimilator  
  46  6:00  Assimilator  
  46  6:07  Probe x2  
  48  6:19  Probe  
  48  6:20  Probe  
  50  6:32  Probe x2  
  52  6:33  Pylon  
  52  6:36  Pylon  
  52  6:40  Pylon  
  52  6:42  Pylon  
  52  6:43  Pylon  
  52  6:44  Probe x2  
  54  6:47  Pylon  
  54  6:52  Stalker x3  
  60  6:56  Probe x2  
  62  7:02  Forge  
  62  7:04  Twilight Council  
  62  7:06  Gateway  
  62  7:08  Gateway  
  62  7:10  Robotics Facility  
  62  7:17  Stargate  
  62  7:18  Probe x2  
  62  7:20  Shield Battery  
  62  7:22  Sentry  
  66  7:23  Stalker x2  
  70  7:30  Probe x2, Protoss Ground Weapons Level 1 (Chrono Boost)  
  72  7:44  Photon Cannon  
  72  7:46  Photon Cannon  
  72  7:49  Photon Cannon  
  72  7:54  Photon Cannon  
  72  7:58  Photon Cannon  
  72  7:59  Probe x2  
  72  8:01  Photon Cannon  
  72  8:04  Immortal (Chrono Boost)  
  78  8:23  Nexus  
  78  8:25  Pylon  
  78  8:28  Probe x2  
  78  8:33  Sentry  
  78  8:34  Sentry  
  84  8:40  Probe  
  85  8:43  Charge (Chrono Boost)  
  85  8:55  Templar Archives  
  85  8:58  Probe x2  
  87  9:07  Assimilator  
  87  9:10  Probe x2  
  87  9:12  Assimilator  
  87  9:13  Fleet Beacon  
  89  9:24  Assimilator  
  89  10:33  Pylon  
  89  10:37  Pylon  
  89  10:40  Shield Battery  
  89  10:42  Photon Cannon  
  89  10:45  Probe  
  89  10:48  Probe  
  89  10:49  Probe  
  92  10:57  Probe  
  92  11:00  Probe  
  94  11:08  Stalker x2  
  94  11:09  Stalker x3  
  88  11:34  Stalker x3  
  88  11:35  Stalker x2  
  98  11:51  Carrier  
  104  12:07  Stargate  
  104  12:23  Stargate  
  104  12:29  High Templar x2  
  108  12:30  High Templar x2  
  108  12:32  Zealot  
  108  12:33  Archon  
  108  12:34  Archon  
  114  12:49  Protoss Air Weapons Level 1 (Chrono Boost)  
  114  12:52  Protoss Ground Weapons Level 2 (Chrono Boost), Carrier (Chrono Boost)  
  120  13:03  Warp Prism (Chrono Boost)  
  118  13:17  Probe  
  118  13:18  Probe x2  
  121  13:29  Probe  
  121  13:30  Probe x2, Pylon  
  121  13:32  Observer  
  121  13:33  Shield Battery  
  125  13:36  Photon Cannon, Carrier (Chrono Boost)  
  125  13:37  Carrier (Chrono Boost)  
  125  13:38  Photon Cannon  
  125  13:41  Photon Cannon  
  137  13:53  Carrier (Chrono Boost)  
  143  14:09  Pylon  
  143  14:11  Pylon  
  143  14:13  Pylon  
  143  14:17  Pylon  
  143  14:18  Pylon  
  143  14:20  Pylon  
  143  14:26  Gateway  
  143  14:27  Gateway  
  143  14:30  Gateway, Carrier (Chrono Boost)  
  143  14:31  Carrier (Chrono Boost)  
  143  14:37  Gateway  
  155  14:39  Gateway  
  155  14:48  Carrier (Chrono Boost)  
  157  15:25  Carrier x2 (Chrono Boost)  
  92  16:26  Carrier (Chrono Boost)  
Show
View Real Time Build Order
Export as new Build Order

amir Terran 

Build Orders: Command Center First (CC) 

Get SALT Encoding   

  12  0:03  SCV  
  13  0:15  SCV  
  14  0:32  Supply Depot  
  14  0:35  SCV  
  15  0:43  Engineering Bay  
  15  0:53  SCV  
  16  0:59  Supply Depot  
  16  1:05  SCV  
  17  1:25  Command Center  
  17  1:28  SCV  
  18  1:37  Refinery  
  18  1:48  SCV  
  18  1:52  Barracks  
  19  2:14  Refinery, SCV  
  20  2:26  SCV  
  21  2:38  SCV x2  
  23  2:49  Barracks Reactor  
  23  2:50  SCV x2  
  25  3:02  SCV  
  26  3:13  Factory  
  26  3:14  SCV  
  27  3:26  SCV  
  28  3:30  Reaper x2  
  30  3:58  Factory Tech Lab  
  30  4:06  Starport  
  30  4:11  SCV  
  31  4:23  SCV  
  32  4:25  Siege Tank  
  35  4:35  SCV  
  36  4:47  SCV  
  37  4:59  SCV  
  38  5:03  Starport Tech Lab  
  38  5:07  Starport  
  38  5:11  SCV  
  39  5:18  Command Center  
  39  5:23  SCV  
  41  5:35  SCV  
  41  6:02  Starport Tech Lab  
  41  6:12  Starport  
  41  6:13  Fusion Core  
  41  6:15  SCV  
  42  6:19  Refinery  
  42  6:22  Refinery  
  42  6:27  SCV  
  42  6:28  SCV  
  42  6:32  Supply Depot  
  44  6:39  SCV  
  45  6:40  SCV, Supply Depot  
  46  6:51  SCV  
  46  6:52  SCV  
  48  6:55  Supply Depot  
  48  6:58  Starport Tech Lab  
  48  7:02  Supply Depot  
  48  7:03  SCV x2  
  48  7:04  SCV  
  48  7:08  Battlecruiser x2  
  63  7:14  Refinery  
  63  7:15  SCV  
  63  7:16  SCV  
  65  7:25  Weapon Refit  
  65  7:27  SCV  
  65  7:28  Supply Depot  
  66  7:31  Supply Depot  
  66  7:33  Supply Depot  
  66  7:40  SCV  
  66  7:42  SCV  
  68  7:45  Orbital Command  
  68  7:52  SCV  
  68  7:53  Refinery  
  68  7:54  SCV  
  70  8:04  SCV  
  71  8:06  SCV  
  72  8:16  SCV  
  73  8:28  SCV  
  73  8:33  SCV  
  75  8:38  Orbital Command  
  75  8:40  SCV  
  76  8:44  Battlecruiser x3  
  76  8:45  SCV  
  95  8:52  SCV  
  96  8:57  SCV  
  96  9:00  Missile Turret  
  97  9:04  SCV  
  98  9:12  Missile Turret  
  98  9:14  Missile Turret  
  98  9:16  SCV  
  99  10:10  Battlecruiser x3  
  117  10:31  Supply Depot  
  117  10:33  Supply Depot  
  117  10:43  Armory  
  117  10:45  Armory  
  117  10:52  SCV  
  117  10:54  Starport  
  117  10:56  Supply Depot  
  118  11:04  SCV  
  119  11:14  Battlecruiser x2  
  119  11:17  SCV  
  126  11:29  SCV  
  127  11:41  SCV  
  127  11:44  Terran Ship Weapons Level 1, Terran Vehicle And Ship Armor Level 1  
  128  12:13  Starport Reactor  
  128  12:15  Starport Tech Lab  
  128  12:17  Command Center  
  128  12:20  Missile Turret  
  128  12:21  Missile Turret  
  128  12:27  Battlecruiser  
  128  12:28  Battlecruiser  
  136  13:00  Missile Turret  
  136  13:02  Missile Turret  
  136  13:13  Battlecruiser  
  141  13:41  SCV  
  142  13:46  Battlecruiser x2  
  154  13:51  Supply Depot  
  154  13:52  Supply Depot  
  154  13:53  SCV  
  155  13:57  Terran Ship Weapons Level 2, Terran Vehicle And Ship Armor Level 2  
  155  14:05  SCV  
  156  14:10  Missile Turret  
  156  14:13  Battlecruiser  
  156  14:14  Missile Turret  
  156  14:16  Missile Turret, Supply Depot  
  162  14:17  Battlecruiser, SCV  
  162  14:22  Refinery  
  169  14:24  Refinery  
  169  14:29  SCV  
  170  14:36  Missile Turret  
  170  14:41  SCV  
  171  14:50  Battlecruiser  
  177  14:53  SCV  
  177  14:55  Battlecruiser  
  154  15:05  SCV  
  113  15:32  Battlecruiser x2  
  113  15:54  Battlecruiser  
  119  15:59  Battlecruiser  
  104  16:36  Battlecruiser x2  
  110  16:58  Battlecruiser  
  116  17:03  Battlecruiser  
Show
View Real Time Build Order
Export as new Build Order

zzz Terran 

Build Orders:  

Get SALT Encoding   

  12  0:36  SCV  
  13  0:48  SCV  
  13  0:49  Supply Depot  
  14  0:58  Supply Depot  
  14  1:00  SCV  
  15  1:13  Supply Depot  
  15  1:17  Barracks  
  15  1:24  Supply Depot  
  15  1:28  SCV  
  16  1:40  SCV  
  16  1:42  Barracks  
  17  1:48  Barracks  
  17  2:03  Barracks  
  17  2:07  Marine  
  18  2:25  SCV  
  18  2:28  Refinery  
  19  2:33  Refinery  
  19  2:34  Engineering Bay  
  19  2:37  Marine, SCV  
  19  2:40  Marine  
  22  2:50  Marine x2  
  24  2:55  Marine  
  24  2:58  Marine  
  26  3:09  Marine x2  
  28  3:13  Marine  
  28  3:16  SCV  
  30  3:28  SCV  
  26  4:09  Barracks Tech Lab  
  21  4:11  Barracks Reactor  
  21  4:12  Barracks Reactor  
  21  4:13  Barracks Reactor  
  21  4:30  Marauder  
  23  4:31  Command Center  
  23  4:39  SCV, Factory  
  24  4:49  Refinery  
  24  4:51  SCV  
  25  4:56  Marine x3  
  25  4:57  Marine x2  
  25  4:59  Refinery  
  30  5:00  Combat Shield  
  30  5:03  SCV  
  31  5:15  SCV  
  32  5:27  SCV, Factory Tech Lab  
  33  5:34  Starport  
  33  5:39  SCV  
  34  5:50  SCV  
  34  5:53  SCV  
  36  6:00  Siege Tank  
  39  6:05  SCV  
  39  6:10  SCV  
  41  6:15  Marine x2  
  41  6:16  Marine x3  
  41  6:17  SCV  
  47  6:19  Stimpack  
  47  6:21  Starport Reactor  
  47  6:27  SCV  
  47  6:29  SCV  
  49  6:34  Siege Tank  
  52  6:52  Missile Turret  
  52  6:56  Missile Turret  
  52  7:02  Missile Turret  
  52  7:05  Missile Turret  
  52  7:10  Missile Turret  
  52  7:12  Missile Turret, Orbital Command  
  52  7:18  Missile Turret  
  52  7:25  Missile Turret  
  52  7:32  Missile Turret  
  52  7:41  Missile Turret  
  52  7:49  Sensor Tower  
  52  8:12  Sensor Tower  
  52  8:16  Sensor Tower  
  52  8:19  Hi-Sec Auto Tracking  
  52  8:22  Medivac  
  52  8:23  Medivac  
  56  8:45  Marine x2  
  56  8:47  Sensor Tower  
  60  8:48  Marauder  
  60  8:49  Marine x2  
  62  8:59  Supply Depot  
  62  9:03  Supply Depot  
  62  9:08  Supply Depot  
  62  9:20  Starport  
  62  9:21  Medivac x2, Marine x4  
  70  9:24  Neosteel Armor  
  69  9:39  Factory Reactor  
  69  9:41  SCV  
  70  9:51  Medivac x2  
  74  10:07  SCV  
  75  10:19  SCV  
  76  10:31  Supply Depot  
  76  10:32  Sensor Tower  
  76  10:33  Starport Reactor  
  76  10:44  Marine x3, Marauder  
  76  10:45  Marine x3  
  84  10:52  Supply Depot  
  84  10:57  Supply Depot  
  84  11:02  Marine x5  
  89  11:04  Terran Infantry Weapons Level 1  
  89  11:08  Widow Mine x2  
  93  11:15  Supply Depot  
  93  11:28  Medivac x2  
  93  11:29  Widow Mine x2  
  93  11:30  Medivac x2  
  105  12:14  Supply Depot  
  105  12:17  Command Center  
  105  12:24  Marauder, Marine  
  105  12:25  Marine x5  
  105  12:26  Barracks  
  113  12:30  Medivac x2  
  117  12:38  Supply Depot  
  117  12:55  Marine x5, Marauder  
  117  12:57  Marine  
  125  13:03  Medivac  
  127  13:43  Barracks Reactor  
  127  14:06  Marine x2  
  127  14:07  Marine x5  
  127  14:08  Sensor Tower  
  134  14:11  Medivac x3  
  134  14:12  Medivac  
  142  14:21  Widow Mine  
  142  14:22  Widow Mine  
  146  14:24  Marine x3  
  149  14:32  Supply Depot  
  149  14:42  Sensor Tower  
  149  14:45  Medivac, Marine  
  148  14:48  Widow Mine x2  
  127  15:09  Widow Mine  
  102  15:33  Marine x2, Marauder  
  102  15:34  Marine x3  
  96  15:51  Marine x4  
  96  15:52  Marine x4  
  96  15:55  Marauder  
  86  16:09  Marine x5  
  86  16:10  Marine x3  
  86  16:15  Marine  
  76  16:27  Marine x6  
  76  16:28  Marine x2  
  79  16:33  Marine  
  77  16:44  Marine x2  
  77  16:45  Marine x5  
  77  16:46  Marine  
  77  16:47  Widow Mine x2  
  85  16:51  Marine  
  86  17:02  Missile Turret, Marine x3  
  86  17:03  Marine x4  
  86  17:05  Marine  
  86  17:08  Widow Mine x2  
  98  17:13  Supply Depot  
  98  17:15  Supply Depot  
  98  17:20  Marine x4  
  98  17:21  Marine x3  
  105  17:27  Marauder, Marine  
  105  17:28  Barracks  
  105  17:29  Missile Turret, Widow Mine  
  112  17:30  Widow Mine  
  112  17:38  Marine x5  
  112  17:39  Marine x2  
  119  17:45  Marine  
  119  17:47  Missile Turret  
  119  17:48  Marine  
  119  17:51  Widow Mine x2  
  125  17:56  Marine x6  
  125  17:57  Marine  
  131  18:03  Marine  
  129  18:05  Marine  
  129  18:08  Missile Turret  
  125  18:13  Marine  
  125  18:14  Marine x5  
Show
View Real Time Build Order
Export as new Build Order

TheBenjamin Terran 

Build Orders:  

Get SALT Encoding   

  12  0:18  Refinery  
  12  0:27  Refinery  
  12  1:02  Supply Depot  
  12  1:03  SCV  
  13  1:15  SCV  
  14  1:26  Supply Depot  
  14  1:28  SCV  
  15  1:40  SCV  
  16  2:25  Barracks  
  16  2:43  Barracks  
  16  2:54  SCV  
  17  3:06  SCV  
  17  3:12  Supply Depot  
  18  3:18  SCV  
  19  3:30  SCV  
  20  3:35  Supply Depot  
  20  3:42  SCV  
  21  3:54  Supply Depot  
  21  4:24  Supply Depot  
  21  4:59  Marine  
  22  5:02  Marine  
  23  5:17  Marine  
  23  5:20  Marine  
  25  5:35  Marine  
  26  5:38  Marine, Factory  
  27  5:50  Factory  
  27  5:53  Marine  
  27  5:56  Marine  
  29  5:58  Ghost Academy  
  29  6:11  Marine  
  30  6:14  Marine, Engineering Bay  
  31  6:39  Starport  
  31  6:47  Starport  
  31  6:52  Starport  
  31  7:03  Armory  
  31  7:48  Starport Tech Lab  
  31  7:51  Starport Tech Lab  
  31  7:53  Starport Tech Lab  
  31  8:14  Marine  
  31  8:17  Marine  
  33  8:26  Factory Tech Lab  
  33  8:28  Factory Tech Lab  
  33  8:32  Marine  
  34  8:35  Marine  
  35  8:50  Marine  
  35  8:53  Thor, Marine  
  43  8:56  Thor  
  49  9:08  Marine  
  50  9:11  Marine  
  51  9:25  Marine  
  51  9:29  Marine  
  53  9:36  Thor  
  59  10:14  Command Center  
  59  10:27  Missile Turret  
  59  10:40  Missile Turret  
  59  10:46  Missile Turret  
  59  11:05  Fusion Core  
  59  11:20  Barracks  
  59  11:25  Thor  
  59  11:31  Barracks  
  65  11:37  SCV  
  66  11:49  SCV  
  67  12:01  SCV  
  68  12:13  SCV  
  69  12:25  SCV  
  70  13:03  Barracks Reactor  
  70  13:13  Barracks Reactor  
  70  13:37  Starport  
  70  13:42  Starport  
  70  14:21  Starport  
  70  14:27  Starport  
  70  14:55  Thor  
  76  15:44  Supply Depot  
  76  15:48  Supply Depot  
  76  15:51  Supply Depot  
  76  16:06  Thor  
  76  16:09  Supply Depot  
  88  16:13  Supply Depot  
  88  16:15  Supply Depot  
  94  17:02  Starport Tech Lab  
  94  17:04  Starport Tech Lab  
  94  17:06  Starport Tech Lab  
  94  17:18  Starport Tech Lab  
  112  17:54  Refinery  
  112  18:24  Refinery  
Show
View Real Time Build Order
Export as new Build Order

Endail Protoss 

Build Orders: Nexus First, Carriers 

Get SALT Encoding   

  12  0:30  Pylon  
  12  0:46  Nexus  
  12  0:50  Probe (Chrono Boost)  
  13  1:00  Probe (Chrono Boost)  
  14  1:05  Probe (Chrono Boost)  
  15  1:16  Probe  
  15  1:17  Assimilator  
  16  1:24  Assimilator  
  16  1:28  Probe (Chrono Boost)  
  17  1:36  Pylon  
  17  1:38  Probe (Chrono Boost)  
  18  1:43  Probe (Chrono Boost)  
  19  1:55  Probe  
  20  2:02  Gateway  
  20  2:04  Probe (Chrono Boost)  
  20  2:07  Probe (Chrono Boost)  
  23  2:18  Probe x2 (Chrono Boost)  
  23  2:22  Probe (Chrono Boost)  
  24  2:27  Probe  
  26  2:33  Probe  
  27  2:39  Probe  
  28  2:45  Probe  
  29  2:53  Cybernetics Core  
  29  2:55  Pylon  
  30  3:00  Probe (Chrono Boost)  
  30  3:01  Probe (Chrono Boost)  
  31  3:11  Assimilator  
  31  3:12  Probe (Chrono Boost)  
  33  3:14  Probe (Chrono Boost)  
  33  3:15  Assimilator  
  33  3:17  Probe (Chrono Boost)  
  34  3:22  Probe  
  35  3:27  Probe  
  35  3:34  Probe  
  37  3:37  Stargate  
  37  3:38  Stargate  
  37  3:39  Stargate  
  37  3:57  Protoss Air Weapons Level 1  
  37  4:18  Probe (Chrono Boost)  
  38  4:28  Probe (Chrono Boost)  
  39  4:33  Probe (Chrono Boost)  
  39  4:35  Fleet Beacon  
  39  4:38  Pylon x2  
  40  4:40  Pylon  
  40  4:43  Nexus  
  40  4:44  Probe  
  41  4:55  Assimilator  
  41  4:56  Probe  
  41  4:59  Assimilator  
  42  5:02  Pylon  
  42  5:04  Pylon  
  42  5:06  Pylon  
  42  5:09  Pylon  
  42  5:21  Carrier (Chrono Boost)  
  54  5:22  Carrier (Chrono Boost)  
  54  5:33  Carrier (Chrono Boost)  
  60  5:41  Probe  
  61  5:46  Probe  
  62  5:52  Anion Pulse-Crystals  
  62  5:53  Probe  
  63  5:58  Probe  
  64  6:05  Probe  
  64  6:10  Probe  
  78  6:20  Carrier (Chrono Boost)  
  78  6:23  Probe, Carrier (Chrono Boost)  
  79  6:29  Probe (Chrono Boost)  
  82  6:40  Probe (Chrono Boost)  
  82  6:41  Probe (Chrono Boost)  
  82  6:47  Probe (Chrono Boost)  
  82  6:50  Carrier (Chrono Boost)  
  89  6:55  Probe  
  90  7:07  Probe (Chrono Boost)  
  91  7:13  Protoss Air Weapons Level 2 (Chrono Boost)  
  91  7:18  Probe (Chrono Boost)  
  91  7:20  Carrier  
  91  7:21  Stargate  
  98  7:23  Probe (Chrono Boost)  
  98  7:29  Carrier  
  105  7:33  Probe  
  106  7:51  Carrier  
  112  7:58  Nexus  
  112  8:02  Assimilator  
  112  8:06  Assimilator  
  112  8:07  Carrier  
  118  8:16  Pylon  
  118  8:18  Pylon  
  118  8:19  Pylon  
  118  8:20  Pylon  
  118  8:21  Pylon  
  118  8:36  Probe  
  118  8:39  Probe  
  120  8:43  Carrier  
  120  8:48  Probe (Chrono Boost), Carrier  
  132  8:53  Probe (Chrono Boost)  
  134  9:00  Probe (Chrono Boost)  
  135  9:08  Probe x2 (Chrono Boost)  
  137  9:16  Probe (Chrono Boost)  
  146  9:19  Carrier  
  146  9:22  Probe (Chrono Boost)  
  146  9:23  Mothership (Chrono Boost)  
  154  9:32  Probe (Chrono Boost)  
  154  9:37  Probe (Chrono Boost)  
  155  9:47  Protoss Air Weapons Level 3 (Chrono Boost)  
  155  9:48  Probe  
  156  10:00  Probe  
  156  10:05  Carrier  
  156  10:06  Carrier  
  169  10:08  Carrier  
  175  10:17  Probe  
  176  10:29  Probe  
  177  10:42  Probe  
  178  10:54  Probe  
  179  11:06  Probe  
  120  11:44  Tempest x4  
  140  11:57  Stargate  
  140  12:00  Probe (Chrono Boost), Stargate  
  141  12:01  Stargate  
  141  12:10  Probe (Chrono Boost)  
  141  12:15  Probe (Chrono Boost)  
  143  12:26  Protoss Air Armor Level 1 (Chrono Boost), Probe  
  143  12:27  Tempest x4  
  164  12:38  Probe  
  165  12:46  Carrier  
  165  12:47  Carrier  
  177  12:58  Pylon  
  177  13:00  Pylon  
  177  13:01  Pylon x2  
  177  13:17  Carrier  
  177  13:18  Carrier x2  
  195  13:31  Tempest  
  200  14:58  Carrier  
  133  16:50  Tempest x2  
  133  16:51  Tempest x5  
Show
View Real Time Build Order
Export as new Build Order

BoOnS Protoss 

Build Orders:  

Get SALT Encoding   

  12  0:09  Probe (Chrono Boost)  
  13  0:21  Probe (Chrono Boost)  
  14  0:25  Assimilator  
  14  0:32  Pylon  
  14  0:49  Probe  
  15  0:58  Forge  
  15  1:01  Probe  
  16  1:13  Probe  
  17  1:36  Probe (Chrono Boost)  
  18  1:46  Probe (Chrono Boost)  
  19  1:51  Probe (Chrono Boost)  
  20  1:55  Nexus  
  20  2:02  Probe  
  21  2:14  Pylon  
  21  2:21  Probe (Chrono Boost)  
  22  2:28  Assimilator  
  22  2:31  Probe (Chrono Boost)  
  22  2:35  Photon Cannon  
  22  2:36  Probe (Chrono Boost)  
  24  2:47  Probe, Photon Cannon  
  25  2:53  Pylon  
  25  2:59  Probe  
  26  3:16  Photon Cannon  
  26  3:19  Photon Cannon  
  26  3:20  Photon Cannon  
  26  3:35  Photon Cannon  
  26  3:44  Pylon  
  26  3:49  Pylon  
  26  3:54  Gateway  
  26  4:00  Photon Cannon  
  26  4:29  Photon Cannon  
  26  4:35  Pylon  
  28  4:54  Photon Cannon  
  26  5:14  Probe (Chrono Boost)  
  27  5:25  Probe (Chrono Boost)  
  27  5:27  Pylon  
  28  5:30  Probe (Chrono Boost)  
  29  5:41  Probe (Chrono Boost)  
  31  5:50  Probe (Chrono Boost)  
  32  5:59  Probe (Chrono Boost)  
  32  6:00  Probe (Chrono Boost)  
  32  6:01  Assimilator  
  32  6:03  Pylon  
  33  6:05  Probe (Chrono Boost)  
  34  6:16  Probe  
  35  6:28  Probe  
  35  6:30  Gateway  
  36  6:48  Assimilator  
  36  6:49  Probe (Chrono Boost)  
  37  6:59  Probe (Chrono Boost)  
  38  7:04  Probe (Chrono Boost)  
  39  7:15  Probe  
  40  7:27  Probe (Chrono Boost)  
  42  7:38  Probe (Chrono Boost)  
  42  7:43  Probe (Chrono Boost)  
  42  7:48  Pylon  
  43  8:24  Cybernetics Core  
  43  8:28  Photon Cannon  
  43  8:29  Nexus  
  43  8:30  Photon Cannon  
  43  8:42  Pylon  
  43  8:45  Assimilator  
  43  8:46  Probe (Chrono Boost)  
  45  8:57  Probe (Chrono Boost)  
  45  9:02  Probe (Chrono Boost)  
  45  9:05  Stargate  
  45  9:06  Stargate  
  45  9:08  Stargate  
  45  9:09  Stargate  
  46  9:11  Stargate  
  46  9:13  Probe, Pylon  
  46  9:15  Pylon  
  47  9:18  Pylon  
  47  9:25  Probe (Chrono Boost)  
  48  9:34  Protoss Air Weapons Level 1  
  48  9:35  Assimilator  
  48  9:36  Probe (Chrono Boost)  
  49  9:41  Probe (Chrono Boost)  
  50  9:49  Robotics Facility  
  50  9:51  Probe  
  51  9:55  Void Ray x2 (Chrono Boost)  
  51  9:56  Void Ray x3 (Chrono Boost)  
  71  10:22  Stargate  
  71  10:28  Void Ray x2 (Chrono Boost)  
  71  10:31  Void Ray (Chrono Boost)  
  91  10:36  Void Ray x2 (Chrono Boost)  
  91  10:38  Observer  
  92  10:49  Probe (Chrono Boost)  
  93  10:59  Probe (Chrono Boost)  
  93  11:00  Observer  
  95  11:05  Void Ray (Chrono Boost)  
  99  11:40  Protoss Air Armor Level 1 (Chrono Boost)  
  99  11:42  Void Ray x2  
  95  12:07  Void Ray  
  99  12:34  Pylon  
  99  12:36  Pylon  
  99  12:39  Pylon  
  99  12:44  Pylon  
  99  12:47  Pylon  
  99  12:52  Void Ray x2  
  99  12:54  Void Ray x2  
  99  12:56  Void Ray x2  
  115  13:34  Void Ray  
  119  13:41  Void Ray  
  119  13:42  Void Ray x4  
  139  13:54  Observer  
  140  14:25  Protoss Shields Level 1  
  140  15:13  Void Ray  
  140  15:14  Void Ray  
  140  15:21  Void Ray  
  140  15:22  Void Ray  
  83  15:50  Void Ray x2  
  83  15:56  Void Ray  
  91  15:57  Void Ray  
  91  16:04  Void Ray  
  99  16:05  Void Ray  
  103  16:17  Nexus  
  103  16:21  Assimilator  
  103  16:25  Assimilator  
  99  16:33  Void Ray x2  
  99  16:39  Void Ray  
  91  17:12  Void Ray x3  
  103  17:16  Void Ray x2  
  103  17:21  Void Ray  
Show
View Real Time Build Order
Export as new Build Order

Ser Protoss 

Build Orders: Nexus First 

Get SALT Encoding   

  12  0:05  Probe (Chrono Boost)  
  14  0:15  Probe (Chrono Boost)  
  14  0:20  Probe (Chrono Boost)  
  15  0:58  Nexus  
  15  1:03  Pylon  
  15  1:21  Probe  
  15  1:22  Forge  
  16  1:36  Probe (Chrono Boost)  
  17  1:43  Pylon  
  17  1:47  Probe (Chrono Boost)  
  18  2:09  Photon Cannon  
  18  2:11  Photon Cannon  
  18  2:12  Photon Cannon  
  17  2:23  Probe  
  17  2:27  Probe  
  19  2:35  Probe  
  20  2:39  Probe  
  21  2:47  Probe (Chrono Boost)  
  23  2:55  Probe (Chrono Boost)  
  24  2:59  Probe (Chrono Boost)  
  24  3:02  Gateway  
  24  3:05  Probe (Chrono Boost), Photon Cannon  
  25  3:06  Probe (Chrono Boost), Photon Cannon  
  25  3:09  Photon Cannon  
  26  3:13  Probe  
  26  3:15  Probe  
  28  3:25  Probe  
  29  3:36  Probe (Chrono Boost)  
  29  3:37  Assimilator  
  31  3:41  Assimilator  
  31  3:43  Assimilator, Probe (Chrono Boost)  
  31  3:46  Probe (Chrono Boost)  
  31  3:47  Assimilator  
  32  3:51  Probe x2 (Chrono Boost)  
  32  3:52  Cybernetics Core  
  34  3:58  Pylon  
  34  4:02  Probe (Chrono Boost)  
  36  4:08  Probe (Chrono Boost)  
  36  4:12  Probe (Chrono Boost)  
  37  4:17  Probe (Chrono Boost)  
  38  4:28  Probe  
  38  4:29  Stargate  
  39  4:40  Probe (Chrono Boost), Nexus  
  40  4:52  Probe (Chrono Boost)  
  41  4:56  Pylon  
  41  4:59  Probe (Chrono Boost)  
  42  5:00  Stargate  
  42  5:06  Probe  
  43  5:16  Stargate  
  43  5:17  Void Ray  
  43  5:18  Probe  
  48  5:26  Stargate  
  48  5:29  Pylon  
  48  5:31  Probe (Chrono Boost), Pylon  
  49  5:40  Probe (Chrono Boost)  
  50  5:44  Probe (Chrono Boost)  
  52  5:51  Pylon  
  52  5:52  Probe (Chrono Boost)  
  52  5:53  Probe (Chrono Boost)  
  52  5:54  Assimilator  
  52  5:56  Void Ray  
  57  5:58  Probe  
  57  5:59  Assimilator  
  57  6:00  Void Ray  
  57  6:01  Probe  
  63  6:04  Void Ray  
  63  6:10  Probe  
  68  6:13  Probe  
  69  6:24  Probe (Chrono Boost)  
  70  6:28  Probe (Chrono Boost)  
  70  6:29  Probe (Chrono Boost)  
  72  6:33  Protoss Air Weapons Level 1 (Chrono Boost)  
  72  6:34  Void Ray  
  72  6:38  Probe (Chrono Boost)  
  72  6:39  Void Ray  
  81  6:43  Probe (Chrono Boost)  
  82  6:52  Pylon  
  82  6:53  Pylon  
  82  6:54  Probe  
  82  6:55  Pylon  
  83  7:04  Void Ray  
  83  7:05  Void Ray  
  83  7:06  Probe  
  92  7:08  Pylon  
  92  7:10  Pylon  
  92  7:12  Stargate  
  92  7:14  Photon Cannon  
  92  7:20  Probe (Chrono Boost)  
  93  7:29  Protoss Shields Level 1, Void Ray  
  98  7:30  Probe (Chrono Boost)  
  98  7:32  Void Ray  
  98  7:35  Probe (Chrono Boost)  
  103  7:46  Probe  
  103  7:50  Pylon  
  104  7:51  Pylon  
  104  7:54  Void Ray x2  
  112  7:58  Probe  
  112  8:03  Cybernetics Core  
  113  8:07  Void Ray  
  113  8:11  Void Ray  
  121  8:18  Void Ray  
  125  8:33  Fleet Beacon  
  125  8:37  Pylon  
  125  8:38  Pylon  
  125  8:40  Pylon  
  125  8:45  Void Ray  
  125  8:47  Void Ray  
  133  8:59  Void Ray  
  137  9:09  Nexus  
  81  10:02  Void Ray  
  81  10:03  Void Ray x4  
  101  10:11  Pylon  
  101  10:12  Pylon  
  101  10:14  Pylon  
  101  10:20  Assimilator  
  101  10:25  Assimilator  
  101  10:27  Probe  
  102  10:39  Probe  
  102  10:40  Unknown  
  103  10:45  Void Ray  
  103  10:46  Protoss Air Armor Level 1 (Chrono Boost), Void Ray  
  103  10:48  Protoss Air Weapons Level 2 (Chrono Boost)  
  111  10:51  Probe  
  112  11:03  Probe  
  113  11:08  Photon Cannon  
  113  11:10  Photon Cannon  
  113  11:11  Photon Cannon  
  113  11:14  Photon Cannon  
  113  11:15  Probe  
  113  11:17  Photon Cannon x2  
  114  11:19  Shield Battery  
  114  11:21  Shield Battery  
  114  11:26  Carrier  
  114  11:27  Probe  
  114  11:28  Carrier  
  114  11:31  Tempest, Void Ray  
  115  11:36  Tempest  
  115  11:39  Probe  
  142  11:47  Twilight Council  
  142  12:13  Carrier  
  142  12:18  Tempest  
  142  12:19  Protoss Shields Level 2 (Chrono Boost), Void Ray  
  157  12:26  Probe  
  158  12:30  Void Ray  
  158  12:32  Tempest  
  167  12:38  Probe  
  168  13:00  Protoss Air Armor Level 2 (Chrono Boost)  
  168  13:01  Carrier  
  168  13:02  Tempest  
  179  13:10  Protoss Air Weapons Level 3 (Chrono Boost)  
  179  13:13  Void Ray  
  183  13:21  Carrier  
  183  13:26  Void Ray  
  193  13:48  Tempest  
  198  14:46  Protoss Shields Level 3 (Chrono Boost)  
  198  15:24  Protoss Air Armor Level 3  
Tags
 
Add a new tag
Caveats
  • Supply blocks, unpowered buildings, or Contaminate may cause inaccurate times.
  • Supply counts are checked every 10 seconds.